 Dungeon Sprint DCSS version 0.32-a0-886-g41c5271027 (webtiles) character file.

Game seed: 12830684307838579323

168869 ragingrage the Invulnerable (level 15, -8/174 HPs)
             Began as a Minotaur Gladiator on Apr 3, 2024.
             Was the Champion of Okawaru.
             Killed from afar by Frederick (25 damage)
             ... in the Dungeon (Sprint IX: "|||||||||||||||||||||||||||||").
             The game lasted 00:17:29 (8024 turns).

ragingrage the Invulnerable (Minotaur Gladiator)    Turns: 8024, Time: 00:17:29

Health: -8/174     AC: 50    Str: 25    XL:     15   Next: 93%
Magic:  19/21      EV: 12    Int:  5    God:    Okawaru [******]
Gold:   631        SH: 27    Dex: 13    Spells: 14/14 levels left

rFire   + . .        a - +1 eveningstar (chaos)
rCold   + . .        m - +3 tower shield
rNeg    . . .        r - +4 gold dragon scales
rPois   +            c - +2 hat
rElec   .            w - +1 cloak {Stlth+}
rCorr   .            s - +2 pair of gloves
SInv    .            j - +0 pair of boots {Stlth+}
Will    +....        (no amulet) Stlth
                     N - +4 ring of protection
HPRegen 0.49/turn    O - +4 ring of protection
MPRegen 0.17/turn

%: no teleportation
@: heroic, glowing
A: horns 2, retaliatory headbutt, no potion heal 1, inability to read after
injury 1
}: 4/17 runes: decaying, serpentine, barnacled, gossamer
a: Renounce Religion, Heroism, Finesse


You were in the Dungeon.
You worshipped Okawaru.
Okawaru was exalted by your worship.
You visited 1 branch You collected 1942 gold pieces.
You spent 1311 gold pieces at shops.

Inventory:

Hand Weapons
 a - a +1 eveningstar of chaos (weapon)
 b - a +9 eveningstar of holy wrath
 o - a +2 dire flail of protection
 B - a +1 morningstar of protection
Missiles
 d - a throwing net
 D - 3 boomerangs
 H - 11 silver javelins
 I - a datura-tipped dart
 J - 7 atropa-tipped darts
 M - 12 javelins (quivered)
Armour
 c - a +2 hat (worn)
 e - a +0 pair of boots of flying
 j - a +0 pair of boots of stealth (worn)
 m - a +3 tower shield (worn)
 r - +4 gold dragon scales (worn)
 s - a +2 pair of gloves (worn)
 w - a +1 cloak of stealth (worn)
Jewellery
 C - a ring of poison resistance
 E - a ring of willpower
 F - a ring of fire
 N - a +4 ring of protection (left hand)
 O - a +4 ring of protection (right hand)
Wands
 n - a wand of warping (7)
Scrolls
 k - 3 scrolls of blinking
 l - 2 scrolls of amnesia
 q - 7 scrolls of fear
 t - a scroll of vulnerability
 v - 2 scrolls of identify
 x - 5 scrolls of enchant weapon
 y - a scroll of fog
 z - a scroll of immolation
Potions
 f - 4 potions of curing
 g - 3 potions of heal wounds
 h - 4 potions of haste
 i - 4 potions of magic
 p - 2 potions of resistance
 u - a potion of brilliance
 G - 2 potions of mutation


   Skills:
 O Level 27 Fighting
 + Level 16.0(21.0) Maces & Flails
 + Level 22.0(27) Throwing
 O Level 27 Armour
 * Level 11.0(16.0) Dodging
 - Level 6.0(11.0) Stealth
 - Level 25.0(27) Shields
 - Level 10.0 Invocations
 - Level 6.0 Evocations


You had 14 spell levels left.
You didn't know any spells.
Your spell library was empty.

Dungeon Overview and Level Annotations

Branches:
Dungeon (1/1)

Altars:
Cheibriados
Dithmenos
Elyvilon
Fedhas
Gozag
Hepliaklqana
Kikubaaqudgha
Makhleb
Nemelex Xobeh
Okawaru
Qazlal
Ru
Sif Muna
Trog
Uskayaw
Vehumet
Wu Jian
Xom
Yredelemnul
Zin
The Shining One
Beogh
Jiyva
Lugonu

Shops:
D *??(

Annotations:
D Frederick


Innate Abilities, Weirdness & Mutations

You have a pair of horns on your head.
You reflexively headbutt those who attack you in melee.
Potions are less effective at restoring your health.
You occasionally lose the ability to read scrolls when taking damage.


Message History

Throw: 2 throwing nets
Press: ? - help, Shift-Dir - straight line, f/p - Frederick
Aim: Frederick, wielding a +3 vampiric demon trident, wearing a +2 chain mail of willpower and wearing the orb "Mudiut" {light, Int+3 Dex+3 Ice} (heavily wounded, strong, haloed, 67% to hit)
You throw a throwing net. The throwing net hits Frederick.
Frederick is caught in the net!
Frederick struggles against the net.
You puncture Frederick!
Frederick becomes as fragile as glass!
You headbutt Frederick, but do no damage.
You thump Frederick! You freeze Frederick. Frederick casts a spell at you.
The iron shot hits you!!!
Frederick is knocked back by the blast.
You see here a throwing net.
You miss Frederick.
Frederick sighs.
Frederick hits you with a +3 vampiric demon trident!
Frederick draws strength from your wounds!
You puncture Frederick! You burn Frederick. You headbutt Frederick.
Frederick hits you with a +3 vampiric demon trident!!
Frederick draws strength from your wounds!
You closely miss Frederick. You impale Frederick!!
You block Frederick's attack.
You closely miss Frederick. You headbutt Frederick!!
Frederick gestures wildly while chanting.
The bolt of lightning hits you!!!
* * * LOW HITPOINT WARNING * * *
The fiery plasma hits you! You resist.
* * * LOW HITPOINT WARNING * * *
Your system partially rejects the healing.
You feel much better.
Frederick hits you with a +3 vampiric demon trident!
* * * LOW HITPOINT WARNING * * *
Frederick draws strength from your wounds!
Your system partially rejects the healing.
You feel much better. You block Frederick's attack.
You gain the combat prowess of a mighty hero.
Frederick looks bored.
Frederick mumbles some strange words.
The bolt of lightning hits you!!
You die...
Frederick offers a few words of tactical advice.

▓▓▓▓▓▓▓▓▓▓▓▓▓▓▓▓▓▓▓▓▓
▓...........9@@......
▓.▓▓▓▓▓▓▓▓▓▓▓▓▓▓▓▓▓▓♣♣♣♣♣♣♣♣♣♣
▓....'..)))))))))÷)'..........
▓▓▓▓▓▓▓▓▓▓▓▓▓▓▓▓▓▓▓▓♣♣♣♣♣♣♣♣♣♣
▓.............................
▓.▓▓▓▓▓▓▓▓▓▓▓▓▓▓▓▓▓▓▓▓▓▓▓▓▓▓▓▓
▓..........'..................
▓▓▓▓▓▓▓▓▓▓▓▓▓▓▓▓▓▓▓▓▓▓▓▓▓▓▓▓▓▓
▓................).....)......


You could see Frederick (strong, vitrified) and a spellforged servitor
(summoned).

Vanquished Creatures
  An orb of fire (D)
  Mara (D)
  Nikola (D)
  Gastronok (D)
  A fire giant (D)
  7 nagarajas (D)
  3 frost giants (D)
  6 emperor scorpions (D)
  Louise (D)
  A vault warden (D)
  2 very ugly things (D)
  4 ironbound preservers (D)
  3 ironbound thunderhulks (D)
  6 stone giants (D)
  2 formless jellyfish (D)
  A dire elephant (D)
  An eleionoma (D)
  2 ettins (D)
  6 merfolk impalers (D)
  4 merfolk javelineers (D)
  A fire dragon (D)
  Josephine (D)
  3 entropy weavers (D)
  A great orb of eyes (D)
  An ice dragon (D)
  2 rakshasas (D)
  A peacekeeper (D)
  A catoblepas (D)
  5 hydras (D)
  A ghost crab (D)
  An ironbound frostheart (D)
  2 alligators (D)
  2 merfolk avatars (D)
  A satyr (D)
  5 centaur warriors (D)
  A vampire mage (D)
  2 death yaks (D)
  A demonic crawler (D)
  4 naga warriors (D)
  A spriggan berserker (D)
  An orc high priest (D)
  2 tengu warriors (D)
  Urug (D)
  4 naga sharpshooters (D)
  A sea snake (D)
  8 swamp dragons (D)
  2 arcanists (D)
  A sun moth (D)
  2 ironbound convokers (D)
  7 orc knights (D)
  2 glowing orange brains (D)
  A harpy (D)
  A steelbarb worm (D)
  3 wolf spiders (D)
  An orc sorcerer (D)
  4 ugly things (D)
  A salamander (D)
  A cyclops (D)
  A merfolk siren (D)
  3 manticores (D)
  A moth of wrath (D)
  2 meliai (D)
  A black mamba (D)
  2 guardian serpents (D)
  A naga mage (D)
  A torpor snail (D)
  A gargoyle (D)
  2 rime drakes (D)
  A tengu conjurer (D)
  Psyche (D)
  3 komodo dragons (D)
  A troll (D)
  A hornet (D)
  2 merfolk (D)
  4 jumping spiders (D)
  2 blink frogs (D)
  A wind drake (D)
  A glass eye (D)
  A water elemental (D)
  4 wraiths (D)
  Eustachio (D)
  A wyvern (D)
  A basilisk (D)
  10 yaks (D)
  A redback (D)
  2 nagas (D)
  5 water moccasins (D)
  A swamp drake (D)
  14 orc warriors (D)
  A laughing skull (D)
  A wolf (D)
  A phantom (D)
  A gnoll sergeant (D)
  A bombardier beetle (D)
  An orc priest (D)
  An iguana (D)
  7 orc wizards (D)
  A hell rat (D)
  A gnoll (D)
  A white imp (D)
  A dart slug (D)
  7 orcs (D)
  A ball python (D)
  A giant cockroach (D)
  A hobgoblin (D)
  A frilled lizard (D)
236 creatures vanquished.

Vanquished Creatures (others)
  Ilsuiw (D)
  2 hydras (D)
  A ghost crab (D)
  A spriggan druid (D)
  A swamp dragon (D)
6 creatures vanquished.

Grand Total: 242 creatures vanquished

Notes
Turn   | Place    | Note
-------+----------+-------------------------------------------
     0 | D        | ragingrage the Minotaur Gladiator began the quest for the
                  | Orb.
     0 | D        | Reached XP level 1. HP: 18/18 MP: 0/0
    12 | D        | Reached skill level 5 in Maces & Flails
    26 | D        | Noticed an iguana
    26 | D        | Noticed a bombardier beetle
    26 | D        | Noticed a phantom
    30 | D        | Reached XP level 2. HP: 27/27 MP: 1/1
    50 | D        | Killed a phantom
    51 | D        | Reached XP level 3. HP: 8/38 MP: 2/2
    51 | D        | Reached XP level 4. HP: 9/45 MP: 3/3
   183 | D        | Reached skill level 10 in Maces & Flails
   185 | D        | Reached XP level 5. HP: 50/52 MP: 4/4
   193 | D        | Found a roughly hewn altar of Beogh.
   193 | D        | Found a snail-covered altar of Cheibriados.
   193 | D        | Found a shadowy altar of Dithmenos.
   193 | D        | Found a white marble altar of Elyvilon.
   193 | D        | Found a blossoming altar of Fedhas.
   193 | D        | Found an opulent altar of Gozag.
   215 | D        | Found a hazy altar of Hepliaklqana.
   216 | D        | Found a viscous altar of Jiyva.
   217 | D        | Found an ancient bone altar of Kikubaaqudgha.
   218 | D        | Found a corrupted altar of Lugonu.
   219 | D        | Found a burning altar of Makhleb.
   220 | D        | Found a sparkling altar of Nemelex Xobeh.
   221 | D        | Found an iron altar of Okawaru.
   222 | D        | Found a stormy altar of Qazlal.
   223 | D        | Found a sacrificial altar of Ru.
   224 | D        | Found a shimmering blue altar of Sif Muna.
   225 | D        | Found a bloodstained altar of Trog.
   226 | D        | Found a hide-covered altar of Uskayaw.
   227 | D        | Found a radiant altar of Vehumet.
   228 | D        | Found an ornate altar of the Wu Jian Council.
   229 | D        | Became a worshipper of Warmaster Okawaru
   230 | D        | Found a shimmering altar of Xom.
   231 | D        | Found a basalt altar of Yredelemnul.
   232 | D        | Found a glowing silver altar of Zin.
   233 | D        | Found a glowing golden altar of the Shining One.
   248 | D        | Got the +2 scimitar "Uleiroxie" {venom, rN+ Int-2 Dex+5}
   296 | D        | Noticed a wyvern
   296 | D        | Noticed a yak
   296 | D        | Noticed a troll
   296 | D        | Noticed a hornet
   296 | D        | Noticed a yak
   309 | D        | Killed a yak
   310 | D        | Reached XP level 6. HP: 48/63 MP: 5/5
   315 | D        | Killed a hornet
   315 | D        | Reached * piety under Okawaru
   320 | D        | Killed a troll
   320 | D        | Reached ** piety under Okawaru
   321 | D        | Reached XP level 7. HP: 34/80 MP: 6/6
   328 | D        | Killed a yak
   329 | D        | Reached skill level 15 in Fighting
   331 | D        | Killed a wyvern
   331 | D        | Reached *** piety under Okawaru
   332 | D        | Reached XP level 8. HP: 23/93 MP: 7/7
   530 | D        | Noticed a centaur warrior
   530 | D        | Noticed a gargoyle
   530 | D        | Noticed a komodo dragon
   530 | D        | Noticed a tengu warrior
   530 | D        | Noticed a green ugly thing
   530 | D        | Noticed a meliai
   532 | D        | Killed a meliai
   542 | D        | Killed a green ugly thing
   542 | D        | Reached **** piety under Okawaru
   543 | D        | Reached skill level 5 in Armour
   549 | D        | Killed a komodo dragon
   550 | D        | Reached XP level 9. HP: 51/103 MP: 8/8
   554 | D        | Killed a tengu warrior
   554 | D        | Reached ***** piety under Okawaru
   558 | D        | Killed a centaur warrior
   559 | D        | Reached skill level 10 in Armour
   559 | D        | Reached skill level 10 in Dodging
   559 | D        | Killed a gargoyle
   863 | D        | Noticed a komodo dragon
   863 | D        | Noticed a komodo dragon
   863 | D        | Noticed a rime drake
   870 | D        | Killed a rime drake
   871 | D        | Reached skill level 1 in Evocations
   874 | D        | Killed a komodo dragon
   875 | D        | Reached XP level 10. HP: 83/111 MP: 8/11
   888 | D        | Received a gift from Okawaru
   906 | D        | Reached skill level 5 in Invocations
   961 | D        | Noticed a four-headed hydra
   971 | D        | Killed a four-headed hydra
   972 | D        | Reached skill level 5 in Throwing
  1001 | D        | Noticed a death yak
  1001 | D        | Noticed a death yak
  1013 | D        | Noticed a catoblepas
  1015 | D        | Killed a death yak
  1039 | D        | Killed a death yak
  1040 | D        | Reached XP level 11. HP: 62/117 MP: 12/16
  1044 | D        | Killed a catoblepas
  1044 | D        | Received a gift from Okawaru
  1450 | D        | Reached skill level 15 in Armour
  1491 | D        | Noticed an orc knight
  1491 | D        | Noticed an orc sorcerer
  1491 | D        | Noticed an orc high priest
  1494 | D        | Reached skill level 10 in Throwing
  1508 | D        | Noticed a sixfirhy
  1520 | D        | Killed an orc high priest
  1522 | D        | Killed an orc sorcerer
  1532 | D        | Killed an orc knight
  1534 | D        | Reached skill level 10 in Invocations
  1743 | D        | Found Oneder's Antique Weapon Boutique.
  1743 | D        | Noticed an orc knight
  1747 | D        | Noticed an orc knight
  1756 | D        | Killed an orc knight
  1765 | D        | Found Ocoipe's Magic Scroll Shop.
  1769 | D        | Killed an orc knight
  1772 | D        | Received a gift from Okawaru
  1776 | D        | Found Teuv's Magic Scroll Boutique.
  1783 | D        | Found Picesemn's Assorted Antiques.
  1785 | D        | Noticed an orc knight
  1789 | D        | Noticed an orc knight
  1791 | D        | Noticed an orc knight
  1792 | D        | Noticed an orc knight
  1798 | D        | Killed an orc knight
  1806 | D        | Killed an orc knight
  1815 | D        | Killed an orc knight
  1816 | D        | Reached skill level 15 in Throwing
  1818 | D        | Killed an orc knight
  1845 | D        | Bought a large onyx ring for 135 gold pieces
  1845 | D        | Bought a scroll labelled PUHEYF ZYEBRYU for 27 gold pieces
  1851 | D        | Bought a scroll of identify for 28 gold pieces
  1851 | D        | Bought a scroll of immolation for 56 gold pieces
  1869 | D        | Bought a runed morningstar for 210 gold pieces
  2005 | D        | Bought a scroll of fear for 108 gold pieces
  2005 | D        | Bought a scroll of fear for 108 gold pieces
  2007 | D        | Bought a scroll of brand weapon for 104 gold pieces
  2007 | D        | Bought a scroll of enchant weapon for 82 gold pieces
  2007 | D        | Bought a scroll of enchant armour for 82 gold pieces
  2012 | D        | Bought a scroll of enchant weapon for 105 gold pieces
  2012 | D        | Bought a scroll of poison for 56 gold pieces
  2012 | D        | Bought a scroll of blinking for 105 gold pieces
  2012 | D        | Bought a scroll of blinking for 105 gold pieces
  2060 | D        | Noticed Urug
  2097 | D        | Killed Urug
  2163 | D        | Noticed Gastronok
  2166 | D        | Noticed Josephine
  2177 | D        | Killed Gastronok
  2178 | D        | Reached skill level 15 in Maces & Flails
  2178 | D        | Reached skill level 5 in Shields
  2178 | D        | Reached XP level 12. HP: 59/125 MP: 15/18
  2178 | D        | Killed Josephine
  2187 | D        | Noticed Psyche
  2193 | D        | Killed Psyche
  2410 | D        | Noticed a centaur warrior
  2415 | D        | Noticed a red very ugly thing
  2418 | D        | Killed a centaur warrior
  2418 | D        | Reached ****** piety under Okawaru
  2418 | D        | Received a gift from Okawaru
  2419 | D        | Acquired a +2 eveningstar of holy wrath
  2419 | D        | Received a gift from Okawaru
  2430 | D        | Killed a red very ugly thing
  2434 | D        | Noticed an ettin
  2437 | D        | Noticed a stone giant
  2441 | D        | Noticed a rakshasa
  2448 | D        | Killed an ettin
  2449 | D        | Killed a stone giant
  2459 | D        | Killed a rakshasa
  2459 | D        | Received a gift from Okawaru
  2480 | D        | Noticed a rakshasa
  2493 | D        | Killed a rakshasa
  2711 | D        | Noticed Eustachio
  2723 | D        | Killed Eustachio
  2778 | D        | Reached skill level 1 in Stealth
  2797 | D        | Reached XP level 13. HP: 47/136 MP: 19/19
  2814 | D        | Received a gift from Okawaru
  3116 | D        | Acquired a +0 pair of boots of flying
  3116 | D        | Received a gift from Okawaru
  3140 | D        | Reached skill level 15 in Shields
  3140 | D        | Noticed an eleionoma
  3146 | D        | Killed an eleionoma
  4125 | D        | Noticed a merfolk impaler
  4125 | D        | Noticed a formless jellyfish
  4129 | D        | Killed a formless jellyfish
  4130 | D        | Reached skill level 5 in Stealth
  4147 | D        | Received a gift from Okawaru
  4155 | D        | Killed a merfolk impaler
  4486 | D        | HP: 6/141 [burnt (6)]
  4904 | D        | Noticed an emperor scorpion
  4918 | D        | Killed an emperor scorpion
  5070 | D        | Noticed a stone giant
  5070 | D        | Noticed a fire giant
  5070 | D        | Noticed a fire dragon
  5073 | D        | Received a gift from Okawaru
  5074 | D        | Killed a stone giant
  5074 | D        | Noticed a stone giant
  5076 | D        | Noticed a frost giant
  5080 | D        | Killed a fire dragon
  5083 | D        | Killed a fire giant
  5085 | D        | Noticed a frost giant
  5087 | D        | Killed a stone giant
  5088 | D        | Killed a frost giant
  5098 | D        | Reached XP level 14. HP: 41/157 MP: 20/20
  5108 | D        | Noticed a stone giant
  5109 | D        | Killed a frost giant
  5120 | D        | Killed a stone giant
  5358 | D        | Noticed a stone giant
  5362 | D        | Killed a stone giant
  5374 | D        | Received a gift from Okawaru
  5523 | D        | Noticed a frost giant
  5526 | D        | Noticed a purple very ugly thing
  5532 | D        | Killed a frost giant
  5542 | D        | Killed a purple very ugly thing
  5850 | D        | Noticed a vault warden
  5853 | D        | Noticed an ironbound preserver
  5861 | D        | Noticed an ironbound preserver
  5870 | D        | Noticed an ironbound preserver
  5873 | D        | Killed a vault warden
  5882 | D        | Noticed a formless jellyfish
  5885 | D        | Killed an ironbound preserver
  5895 | D        | Killed a formless jellyfish
  5896 | D        | Killed an ironbound preserver
  5898 | D        | Killed an ironbound preserver
  5898 | D        | Received a gift from Okawaru
  5901 | D        | Noticed an orb of fire
  5901 | D        | Noticed a stone giant
  5907 | D        | Killed a stone giant
  5910 | D        | Gained mutation: Potions are less effective at restoring
                  | your health. [an orb of fire]
  5930 | D        | Gained mutation: You occasionally lose the ability to read
                  | scrolls when taking damage. [an orb of fire]
  5935 | D        | Killed an orb of fire
  5936 | D        | Reached skill level 27 in Armour
  6210 | D        | Noticed an ironbound preserver
  6242 | D        | Received a gift from Okawaru
  6250 | D        | Killed an ironbound preserver
  6260 | D        | Noticed an ironbound thunderhulk
  6261 | D        | Noticed an ironbound thunderhulk
  6324 | D        | Killed an ironbound thunderhulk
  6332 | D        | Killed an ironbound thunderhulk
  6478 | D        | Noticed an ironbound thunderhulk
  6489 | D        | Killed an ironbound thunderhulk
  6680 | D        | Noticed Louise
  6683 | D        | Noticed Mara
  6688 | D        | Noticed ragingrage's illusion
  6689 | D        | Killed Louise
  6692 | D        | Noticed Nikola
  6695 | D        | Killed Mara
  6695 | D        | Received a gift from Okawaru
  6696 | D        | Reached XP level 15. HP: 168/168 MP: 19/21
  6699 | D        | Killed Nikola
  6803 | D        | Found the +11 plutonium sword {^Contam Stlth-}
  6809 | D        | Got the +0 executioner's axe of Ysikaitz {holy, rC+ Will+}
  7024 | D        | Noticed a nagaraja
  7024 | D        | Noticed a nagaraja
  7024 | D        | Noticed a nagaraja
  7049 | D        | Killed a nagaraja
  7054 | D        | Killed a nagaraja
  7057 | D        | Killed a nagaraja
  7060 | D        | Noticed a nagaraja
  7064 | D        | Killed a nagaraja
  7064 | D        | Received a gift from Okawaru
  7272 | D        | Noticed a nagaraja
  7280 | D        | Killed a nagaraja
  7383 | D        | Noticed a nagaraja
  7398 | D        | Killed a nagaraja
  7475 | D        | Noticed a nagaraja
  7478 | D        | Got a serpentine rune of Zot
  7486 | D        | Killed a nagaraja
  7521 | D        | Noticed an emperor scorpion
  7521 | D        | Noticed an emperor scorpion
  7521 | D        | Noticed an emperor scorpion
  7525 | D        | Killed an emperor scorpion
  7526 | D        | Reached skill level 5 in Evocations
  7528 | D        | Noticed an emperor scorpion
  7530 | D        | Noticed an emperor scorpion
  7534 | D        | Killed an emperor scorpion
  7536 | D        | Killed an emperor scorpion
  7545 | D        | Killed an emperor scorpion
  7552 | D        | Killed an emperor scorpion
  7590 | D        | Got a gossamer rune of Zot
  7602 | D        | Received a gift from Okawaru
  7642 | D        | Reached skill level 27 in Fighting
  7657 | D        | Got a decaying rune of Zot
  7682 | D        | Noticed Ilsuiw
  7702 | D        | Killed Ilsuiw
  7725 | D        | Received a gift from Okawaru
  7746 | D        | Got a barnacled rune of Zot
  7997 | D        | Identified the orb "Mudiut" {light, Int+3 Dex+3 Ice}
  7997 | D        | Noticed Frederick
  8021 | D        | HP: 6/174 [Frederick (13)]
  8024 | D        | Killed from afar by Frederick

Illustrated notes

Levels and vault maps discovered:
D:        linesprint [early_d, line_temple, items_1, d_10, items_2, lair_1,
          lair_end, items_3, orc_1, orc_end, items_4, d_15, swamp_1, shoals_1,
          snake_1, spider_1, d_20, vaults_1, items_5, swamp_end, shoals_end,
          snake_end, spider_end, vaults_end, d_27, items_6, zot_1, zot_end,
          crypt_end, forest_end, elf_end, slime_end, tomb_end, abyss_end,
          pan_hell_end]

Skill      XL: |  1  2  3  4  5  6  7  8  9 10 11 12 13 14 15 |
---------------+----------------------------------------------+-----
Maces & Flails | 6 9 10 12 14 15 16 | 16.0
Fighting       | 4 6 7 9 13 15 17 18 23 24 27 | 27.0
Armour         | 6 11 14 15 19 27 | 27.0
Dodging        | 7 11 | 11.0
Invocations    | 2 8 10 | 10.0
Evocations     | 2 4 6 |  6.0
Throwing       | 8 16 17 18 19 22 | 22.0
Shields        | 5 14 16 18 25 | 25.0
Stealth        | 2 6 |  6.0

Action                     |  1- 3 |  4- 6 |  7- 9 | 10-12 | 13-15 || total
---------------------------+-------+-------+-------+-------+-------++-------
  Melee: Flail             |    28 |     9 |       |       |       ||    37
         Headbutt          |     1 |     5 |    12 |    77 |   143 ||   238
         Dire flail        |       |    22 |    45 |   220 |       ||   287
         Eveningstar       |       |       |       |    87 |   482 ||   569
         Morningstar       |       |       |       |     5 |       ||     5
  Throw: Javelin           |     1 |     1 |       |    18 |    42 ||    62
         Throwing net      |     1 |       |       |       |     1 ||     2
         Dart              |       |       |       |       |     3 ||     3
 Invoke: Heroism           |       |       |       |     7 |    11 ||    18
         Finesse           |       |       |       |     1 |     3 ||     4
         Receive Weapon    |       |       |       |     1 |       ||     1
         Receive Armour    |       |       |       |       |     1 ||     1
  Evoke: Wand              |       |       |     2 |       |     1 ||     3
    Use: Potion            |     1 |     1 |     3 |     3 |     5 ||    13
         Scroll            |       |       |       |     9 |    10 ||    19
   Stab: Invisible         |       |     2 |     1 |       |       ||     3
         Confused          |       |       |       |     1 |       ||     1
         Paralysed         |       |       |       |       |     1 ||     1
 Armour: Leather armour    |    20 |     2 |       |       |       ||    22
         Scale mail        |       |    13 |    30 |       |       ||    43
         Plate armour      |       |       |     6 |   144 |   181 ||   331
         Gold dragon scale |       |       |       |       |    81 ||    81
  Dodge: Dodged            |    14 |    11 |    21 |    84 |    86 ||   216
  Block: Kite shield       |       |       |       |    30 |     3 ||    33
         Tower shield      |       |       |       |    24 |   464 ||   488

Table legend: (Time is in decaauts)
 A = Elapsed time spent in this place.
 B = Non-inter-level travel time spent in this place.
 C = Inter-level travel time spent in this place.
 D = Time resting spent in this place.
 E = Time spent auto-exploring this place.
 F = Levels seen in this place.
 G = Mean time per level.
                   A        B        C        D        E       F      G
               +--------+--------+--------+--------+--------+-----+--------+
         Total |   7814 |   7806 |      8 |   3777 |   1962 |   1 | 7814.0 |
       Dungeon |   7814 |   7806 |      8 |   3777 |   1962 |   1 | 7814.0 |
               +--------+--------+--------+--------+--------+-----+--------+

Top non-repeatable levels by time:
       D: 7814 daAuts
